[Event "NOR-chT Eliteserien 2018-19"]
[Site "Norway"]
[Date "2019.01.11"]
[Round "4"]
[White "Gullaksen, Eirik"]
[Black "Soderstrom, Adrian"]
[Result "0-1"]
[ECO "C80"]
[WhiteElo "2341"]
[BlackElo "2118"]
[Annotator "ChessBase"]
[PlyCount "104"]
[EventDate "2018.11.02"]
[EventType "team-tourn"]
[EventCountry "NOR"]
[SourceTitle "playchess.com"]
[Source "ChessBase"]
[SourceQuality "1"]
[TimeControl "40/5400+30:1800+30"]

1. e4 e5 2. Nf3 Nc6 3. Bb5 a6 4. Ba4 Nf6 5. O-O b5 6. Bb3 Nxe4 7. d4 d5 8. dxe5 Be6 9. Be3 Be7 10. Nbd2 Nc5 11. Qe2 d4 12. Bf4 Bf5 13. Ne1 d3 14. cxd3 Nxd3 15. Nxd3 Nd4 16. Qe3 Nxb3 17. Nxb3 Qxd3 18. Qxd3 Bxd3 19. Rfc1 Rc8 20. Nc5 Bxc5 21. Rxc5 O-O 22. Rac1 Rfd8 23. Rxc7 Rxc7 24. Rxc7 Bc4 25. h3 Bxa2 26. Ra7 h6 27. Rxa6 Bc4 28. Kh2 Rd1 29. Be3 Kh7 30. Kg3 Rg1 31. f3 Rb1 32. Bd4 Rd1 33. Bc3 b4 34. Rc6 bxc3 35. bxc3 Be6 36. h4 g5 37. hxg5 hxg5 38. Kf2 Rd2+ 39. Kf1 Rc2 40. Rc5 Kg6 41. g4 Kg7 42. Ke1 Kf8 43. Kf1 Ke7 44. Ke1 Kd7 45. Kf1 Rd2 46. c4 Rc2 47. Ra5 Bxc4+ 48. Kg1 Ke6 49. Rc5 Bb3 50. Ra5 Bd5 51. Ra3 Kxe5 52. Ra5 Rd2 0-1

[Event "NOR-chT Eliteserien 2018-19"]
[Site "Norway"]
[Date "2019.01.11"]
[Round "4"]
[White "Tryggestad, Andreas Garberg"]
[Black "Nielsen, Andre"]
[Result "1-0"]
[ECO "E15"]
[WhiteElo "2333"]
[BlackElo "2211"]
[Annotator "ChessBase"]
[PlyCount "91"]
[EventDate "2018.11.02"]
[EventType "team-tourn"]
[EventCountry "NOR"]
[SourceTitle "playchess.com"]
[Source "ChessBase"]
[SourceQuality "1"]
[TimeControl "40/5400+30:1800+30"]

1. d4 Nf6 2. c4 e6 3. Nf3 b6 4. g3 Ba6 5. b3 Bb4+ 6. Bd2 Be7 7. Bg2 c6 8. Bc3 d5 9. Nbd2 Nbd7 10. O-O O-O 11. Re1 Rc8 12. e4 dxe4 13. Nxe4 Nxe4 14. Rxe4 Bb7 15. Re2 Qc7 16. Qc2 Rfd8 17. Bd2 Nf6 18. Bf4 Bd6 19. Be5 Nd7 20. Ng5 g6 21. Bxd6 Qxd6 22. Ne4 Qe7 23. Qd2 Nc5 24. Nc3 Qf6 25. Rd1 Rc7 26. b4 Nd7 27. Ne4 Qe7 28. Qf4 Nf8 29. Nf6+ Kg7 30. Qe5 Qxf6 31. Qxc7 Ba6 32. b5 Rd7 33. Qe5 cxb5 34. cxb5 Qxe5 35. Rxe5 f6 36. Bc6 fxe5 37. Bxd7 Nxd7 38. bxa6 exd4 39. Rxd4 Nc5 40. Rd8 Nxa6 41. Rd7+ Kg8 42. Rxa7 Nb4 43. Kg2 Nd5 44. Kf3 h6 45. Ke4 Nb4 46. a3 1-0

[Event "NOR-chT Eliteserien 2018-19"]
[Site "Norway"]
[Date "2019.01.11"]
[Round "4"]
[White "Klukin, Kirill"]
[Black "Haug, Johannes"]
[Result "0-1"]
[ECO "A46"]
[WhiteElo "2326"]
[BlackElo "2402"]
[Annotator "ChessBase"]
[PlyCount "74"]
[EventDate "2018.11.02"]
[EventType "team-tourn"]
[EventCountry "NOR"]
[SourceTitle "playchess.com"]
[Source "ChessBase"]
[SourceQuality "1"]
[TimeControl "40/5400+30:1800+30"]

1. d4 Nf6 2. Nf3 e6 3. g3 d5 4. Bg2 b5 5. O-O Nbd7 6. c3 Bb7 7. Bg5 Be7 8. a4 b4 9. a5 bxc3 10. bxc3 Ba6 11. Re1 O-O 12. Nbd2 c5 13. Qa4 Rc8 14. e3 h6 15. Bxf6 Bxf6 16. Bf1 Bxf1 17. Kxf1 Qc7 18. Reb1 Rb8 19. a6 Rb6 20. Rxb6 Nxb6 21. Qa5 Rc8 22. Rb1 g6 23. Kg2 Kg7 24. h4 Qc6 25. Qb5 Na4 26. Qb7 Nxc3 27. Rc1 Na4 28. dxc5 Rc7 29. Qb8 Nxc5 30. Nd4 Qd7 31. Nb5 Rc8 32. Qxa7 Qxb5 33. Nb3 Qxb3 34. Rxc5 Qb8 35. Qb7 Qxb7 36. axb7 Rb8 37. Rc7 Be5 0-1

[Event "NOR-chT Eliteserien 2018-19"]
[Site "Norway"]
[Date "2019.01.11"]
[Round "4"]
[White "Ranaldi, Lucas"]
[Black "Lund, Gunnar"]
[Result "0-1"]
[ECO "E62"]
[WhiteElo "2305"]
[BlackElo "2228"]
[Annotator "NA"]
[PlyCount "80"]
[EventDate "2018.11.02"]
[EventType "team-tourn"]
[EventCountry "NOR"]
[SourceTitle "playchess.com"]
[Source "ChessBase"]
[SourceQuality "1"]
[TimeControl "40/5400+30:1800+30"]

1. c4 Nf6 2. Nc3 d6 3. g3 g6 4. Bg2 Bg7 5. Nf3 O-O 6. O-O Nc6 7. d4 e5 8. d5 Ne7 9. e4 Nd7 10. Ne1 f5 11. Nd3 b6 {[%emt 0:07:57] E62: King's Indian: Fianchetto: 6...c6 and Panno Variation (6...Nc6) without ...a6} (11... Nf6 12. Bg5 h6 13. Bxf6 Bxf6 14. f4 exf4 15. Nxf4 Be5 16. Kh1 Bxf4 17. Rxf4 g5 18. Rf2 Ng6 19. exf5 Bxf5 20. Qd4 {½-½ (56) Marin,M (2539)-Aryan,C (2529) Baile Govora 2017}) 12. f3 a5 13. Be3 Ba6 14. b3 Nc5 $146 ({Predecessor:} 14... f4 15. Bd2 Bc8 16. Bh3 h5 17. Qe2 Nc5 18. Nf2 {½-½ (30) Webb,S (2391)-Hoi,C (2375) Sweden 2005}) 15. a3 a4 16. Nxc5 bxc5 17. Nxa4 f4 18. Bf2 Qd7 19. Qc2 h5 20. b4 Bc8 21. Nc3 cxb4 22. axb4 Rxa1 23. Rxa1 g5 24. Ra7 g4 25. fxg4 Qxg4 (25... h4 {was called for.} 26. Qe2 hxg3) 26. Rxc7 Ng6 27. Qe2 (27. Qd3 $18) 27... Qg5 {[%emt 0:00:11] [#]} 28. h4 (28. Nb5 $1 $18 {[%cal Rb5d6] has better winning chances.} f3 29. Bxf3) 28... Qd8 29. Bb6 Qf6 $2 (29... Bg4 $11 {and Black stays safe.} 30. Bf3 Bxf3 31. Qxf3 fxg3 32. Qxg3 Qf6) 30. Rxc8 Rxc8 31. Bh3 Ra8 32. Be6+ Kf8 33. Bc7 Ra1+ 34. Nd1 fxg3 35. Bxd6+ Ke8 36. Bc5 Nf4 37. Qf3 Qxh4 38. Be3 Qh2+ 39. Kf1 g2+ 40. Ke1 Nd3+ 0-1

[Event "NOR-chT Eliteserien 2018-19"]
[Site "Norway"]
[Date "2019.01.11"]
[Round "4"]
[White "Bern, Ivar"]
[Black "Dahl, Trygve"]
[Result "1-0"]
[ECO "A25"]
[WhiteElo "2302"]
[BlackElo "2342"]
[Annotator "ChessBase"]
[PlyCount "105"]
[EventDate "2018.11.02"]
[EventType "team-tourn"]
[EventCountry "NOR"]
[SourceTitle "playchess.com"]
[Source "ChessBase"]
[SourceQuality "1"]
[TimeControl "40/5400+30:1800+30"]

1. c4 Nf6 2. Nc3 e5 3. e3 Nc6 4. a3 Be7 5. b4 O-O 6. Bb2 Re8 7. Qb3 a5 8. b5 Nb8 9. Nf3 d6 10. Be2 Bf8 11. O-O h6 12. d4 exd4 13. exd4 Bf5 14. Rfe1 Nbd7 15. Bf1 Ne4 16. Nxe4 Bxe4 17. Nd2 Bg6 18. g3 Nf6 19. Bg2 d5 20. cxd5 Rxe1+ 21. Rxe1 Ne8 22. d6 Nxd6 23. a4 Qd7 24. Bc3 Re8 25. Rxe8 Qxe8 26. Bxa5 Qe1+ 27. Bf1 Ne4 28. Qe3 Qxe3 29. fxe3 b6 30. Nxe4 Bxe4 31. Bc3 Bd6 32. Bg2 Bxg2 33. Kxg2 f5 34. Kf3 Kf7 35. e4 fxe4+ 36. Kxe4 Ke6 37. d5+ Kf7 38. a5 bxa5 39. Bxa5 g6 40. Bd2 h5 41. Bf4 Ke7 42. h4 Kd7 43. Bxd6 Kxd6 44. Kd4 Ke7 45. Ke5 Kd7 46. d6 cxd6+ 47. Kd5 Kc7 48. b6+ Kd7 49. b7 Kc7 50. b8=Q+ Kxb8 51. Kxd6 Kc8 52. Ke6 Kd8 53. Kf7 1-0

[Event "NOR-chT Eliteserien 2018-19"]
[Site "Norway"]
[Date "2019.01.11"]
[Round "4"]
[White "Hole, Oystein"]
[Black "Tisdall, Jonathan D"]
[Result "0-1"]
[ECO "A30"]
[WhiteElo "2299"]
[BlackElo "2400"]
[Annotator "ChessBase"]
[PlyCount "64"]
[EventDate "2018.11.02"]
[EventType "team-tourn"]
[EventCountry "NOR"]
[SourceTitle "playchess.com"]
[Source "ChessBase"]
[SourceQuality "1"]
[TimeControl "40/5400+30:1800+30"]

1. Nf3 c5 2. c4 b6 3. g3 Bb7 4. Bg2 Nf6 5. Nc3 g6 6. O-O Bg7 7. d4 cxd4 8. Qxd4 d6 9. Rd1 Nbd7 10. Qh4 Rc8 11. Be3 h6 12. Rac1 g5 13. Qd4 O-O 14. Qd3 Bxf3 15. exf3 Ne5 16. Qe2 Nxc4 17. Bd4 e5 18. Be3 d5 19. f4 Nxe3 20. Qxe3 exf4 21. gxf4 Re8 22. Qd2 d4 23. Nb5 Ne4 24. Rxc8 Qxc8 25. Qd3 Nc5 26. Qd2 Qd7 27. Na3 Qg4 28. fxg5 Re2 29. Qc1 hxg5 30. h3 Qh4 31. Rf1 d3 32. Nc4 Rc2 0-1

[Event "NOR-chT Eliteserien 2018-19"]
[Site "Norway"]
[Date "2019.01.11"]
[Round "4"]
[White "Risting, Eivind Olav"]
[Black "Nilsen, Joachim Birger"]
[Result "0-1"]
[ECO "A61"]
[WhiteElo "2281"]
[BlackElo "2397"]
[Annotator "ChessBase"]
[PlyCount "90"]
[EventDate "2018.11.02"]
[EventType "team-tourn"]
[EventCountry "NOR"]
[SourceTitle "playchess.com"]
[Source "ChessBase"]
[SourceQuality "1"]
[TimeControl "40/5400+30:1800+30"]

1. d4 Nf6 2. c4 e6 3. Nf3 c5 4. d5 exd5 5. cxd5 d6 6. Nc3 g6 7. Bf4 a6 8. a4 Bg7 9. h3 O-O 10. e3 Re8 11. Nd2 Nbd7 12. Be2 Ne5 13. O-O Nfd7 14. Bh2 f5 15. Re1 g5 16. f4 Ng6 17. Nc4 Nb6 18. Kh1 Nxc4 19. Bxc4 gxf4 20. exf4 Rxe1+ 21. Qxe1 Bd7 22. a5 Qf6 23. Qd2 Re8 24. Rd1 Qd8 25. Ra1 Qe7 26. Bg3 Bh6 27. Re1 Qd8 28. Rxe8+ Qxe8 29. Bd3 Qd8 30. Ne2 Ne5 31. Be1 Nxd3 32. Qxd3 Qe7 33. Bc3 Bb5 34. Qg3+ Kf8 35. Ng1 Bc4 36. Nf3 Bxd5 37. Ng5 Ke8 38. b4 c4 39. Qh4 Qe2 40. Qg3 Kd7 41. Kh2 Kc6 42. h4 Kb5 43. Nh3 Qd3 44. Ng5 Qxg3+ 45. Kxg3 Ka4 0-1

[Event "NOR-chT Eliteserien 2018-19"]
[Site "Norway"]
[Date "2019.01.11"]
[Round "4"]
[White "Elseth, Roar"]
[Black "Kaasen, Tor Fredrik"]
[Result "1-0"]
[ECO "B85"]
[WhiteElo "2278"]
[BlackElo "2409"]
[Annotator "ChessBase"]
[PlyCount "69"]
[EventDate "2018.11.02"]
[EventType "team-tourn"]
[EventCountry "NOR"]
[SourceTitle "playchess.com"]
[Source "ChessBase"]
[SourceQuality "1"]
[TimeControl "40/5400+30:1800+30"]

1. e4 c5 2. Nf3 d6 3. d4 cxd4 4. Nxd4 Nf6 5. Nc3 a6 6. Be2 e6 7. O-O Be7 8. f4 Qc7 9. Kh1 O-O 10. a4 Nc6 11. Be3 Nxd4 12. Qxd4 e5 13. Qd3 Be6 14. f5 Bd7 15. g4 Bc6 16. Bf3 h6 17. a5 Rfe8 18. Qd2 Nh7 19. Bb6 Qc8 20. Rad1 Nf6 21. Rg1 Nd7 22. Be3 Qd8 23. g5 hxg5 24. Bxg5 Kf8 25. Bh6 Bf6 26. Qxd6+ Qe7 27. Qd2 Red8 28. Qg2 Qc5 29. Bxg7+ Bxg7 30. Qxg7+ Ke7 31. Nd5+ Bxd5 32. Rxd5 Qc7 33. Rg6 Re8 34. Re6+ Kd8 35. Qf6+ 1-0

[Event "NOR-chT Eliteserien 2018-19"]
[Site "Norway"]
[Date "2019.01.11"]
[Round "4"]
[White "Aulin-Jansson, Joran"]
[Black "Skrondal, Inge Sandstad"]
[Result "0-1"]
[ECO "A37"]
[WhiteElo "2274"]
[BlackElo "2281"]
[Annotator "NA"]
[PlyCount "60"]
[EventDate "2018.11.02"]
[EventType "team-tourn"]
[EventCountry "NOR"]
[SourceTitle "playchess.com"]
[Source "ChessBase"]
[SourceQuality "1"]
[TimeControl "40/5400+30:1800+30"]

1. c4 c5 2. Nc3 g6 3. g3 Bg7 4. Bg2 Nc6 5. Nf3 e6 6. d3 Nge7 7. O-O O-O 8. h4 h6 9. Bd2 b6 10. a3 Bb7 11. Qc1 Kh7 12. Rb1 d6 13. b4 Qd7 14. Re1 Rac8 15. e3 Rfd8 16. Ne2 Ne5 17. Nxe5 dxe5 18. Bxb7 Qxb7 19. bxc5 Rxd3 20. cxb6 axb6 21. Bb4 Nf5 22. Qc2 Rxe3 23. Qd2 Re4 24. h5 Rh4 25. hxg6+ fxg6 26. f3 Qxf3 27. gxh4 Rxc4 28. Ng3 Rg4 29. Qf2 Rxg3+ 30. Kf1 Qg4 0-1

[Event "NOR-chT Eliteserien 2018-19"]
[Site "Norway"]
[Date "2019.01.11"]
[Round "4"]
[White "Andersen, Alf Roger"]
[Black "Hammerstad, Asmund"]
[Result "1-0"]
[ECO "A80"]
[WhiteElo "2256"]
[BlackElo "2207"]
[Annotator "ChessBase"]
[PlyCount "103"]
[EventDate "2018.11.02"]
[EventType "team-tourn"]
[EventCountry "NOR"]
[SourceTitle "playchess.com"]
[Source "ChessBase"]
[SourceQuality "1"]
[TimeControl "40/5400+30:1800+30"]

1. d4 e6 2. Nf3 f5 3. h3 Nf6 4. g4 d5 5. e3 Bd6 6. Bd3 O-O 7. c4 c6 8. Nc3 Ne4 9. gxf5 Bb4 10. Bd2 Bxc3 11. Bxc3 exf5 12. Qc2 Be6 13. Bb4 Re8 14. O-O-O Na6 15. Be1 dxc4 16. Bxc4 Bd5 17. Ne5 Bxc4 18. Qxc4+ Qd5 19. Qxd5+ cxd5 20. f3 Rac8+ 21. Kb1 Nd6 22. Bd2 Nc4 23. Nxc4 Rxc4 24. Rc1 Rec8 25. Rxc4 Rxc4 26. Be1 Kf7 27. h4 Nc7 28. Bg3 Ne6 29. Be5 Nf8 30. Rg1 Ng6 31. Rg5 Nxh4 32. Rxg7+ Kf8 33. Rxb7 Nxf3 34. b3 Rc3 35. Bf4 Kg8 36. Bh6 Rc6 37. Bf4 Ne1 38. Rxa7 Nd3 39. Rc7 Rg6 40. a4 Rg2 41. Rc3 Rb2+ 42. Ka1 Rd2 43. Bd6 Kf7 44. a5 Ke6 45. Ba3 Ne1 46. Kb1 Rg2 47. Rc6+ Kf7 48. Rc7+ Ke6 49. a6 h5 50. a7 Rg8 51. Rb7 Ra8 52. Bc5 1-0

[Event "NOR-chT Eliteserien 2018-19"]
[Site "Norway"]
[Date "2019.01.11"]
[Round "4"]
[White "Royset, Pal"]
[Black "Storme, Isak"]
[Result "0-1"]
[ECO "B22"]
[WhiteElo "2165"]
[BlackElo "2319"]
[Annotator "NA"]
[PlyCount "66"]
[EventDate "2018.11.02"]
[EventType "team-tourn"]
[EventCountry "NOR"]
[SourceTitle "playchess.com"]
[Source "ChessBase"]
[SourceQuality "1"]
[TimeControl "40/5400+30:1800+30"]

1. e4 c5 2. c3 Nf6 3. e5 Nd5 4. Nf3 Nc6 5. d4 cxd4 6. cxd4 d6 7. Bc4 Nb6 8. Bb3 dxe5 9. d5 Na5 10. Nc3 {[%emt 0:00:30] B22: Sicilian: 2 c3} Bg4 11. Qd3 $146 ({Predecessor:} 11. Be3 Nxb3 12. Qxb3 Bxf3 13. gxf3 g6 14. Nb5 Bg7 15. d6 O-O 16. O-O-O exd6 17. Rxd6 Qh4 {1-0 (39) Lugovskoy,M (2428)-Maletin,P (2586) Sochi 2018}) 11... Nxb3 12. axb3 f6 13. Be3 g6 14. Nh4 Kf7 15. O-O Bg7 16. f4 exf4 17. Rxf4 Bd7 18. Nf3 Rf8 19. Ng5+ Kg8 20. Nxh7 Kxh7 21. Rh4+ Kg8 22. Qxg6 Qe8 23. Qh7+ Kf7 24. Ne4 Nxd5 25. Qh5+ Kg8 26. Qxd5+ e6 27. Qxb7 Rb8 $2 (27... Bc6 $14 28. Qc7 Bxe4 29. Rxe4 f5) 28. Qxa7 (28. Qc7 $18 {and the rest is easy.} f5 29. Bh6 (29. Rxa7 Rxb3 30. Nd6 Qe7 $16)) 28... Bc6 29. Rg4 Rb7 30. Nd6 Qh5 31. Rxg7+ $19 (31. Qd4 $18 Rd7 32. Qf4) 31... Rxg7 32. Qxg7+ Kxg7 33. Ra7+ Kg8 0-1

[Event "NOR-chT Eliteserien 2018-19"]
[Site "Norway"]
[Date "2019.01.11"]
[Round "4"]
[White "Diesen, Bruce"]
[Black "Lahlum, Hans Olav"]
[Result "1-0"]
[ECO "C19"]
[WhiteElo "2159"]
[BlackElo "2122"]
[Annotator "NA"]
[PlyCount "81"]
[EventDate "2018.11.02"]
[EventType "team-tourn"]
[EventCountry "NOR"]
[SourceTitle "playchess.com"]
[Source "ChessBase"]
[SourceQuality "1"]
[TimeControl "40/5400+30:1800+30"]

1. e4 e6 2. d4 d5 3. Nc3 Bb4 4. e5 c5 5. a3 Bxc3+ 6. bxc3 Ne7 7. Nf3 Qc7 8. a4 b6 9. Bb5+ Bd7 10. Bd3 Nbc6 11. O-O c4 12. Be2 f6 13. exf6 gxf6 14. Re1 O-O-O 15. Bf1 Rhg8 16. g3 Ng6 17. Bg2 Kb8 18. Bh6 Bc8 19. h4 Qf7 20. Qd2 Ka8 21. Re2 Rge8 22. Rae1 Bd7 23. Bf4 Bc8 24. Kh2 Nce7 25. a5 Nxf4 26. Qxf4 Ng6 27. Qh6 b5 28. Kg1 a6 29. Nd2 Ne7 30. Bf3 Nf5 31. Qf4 Kb7 32. Nxc4 e5 33. dxe5 bxc4 34. Rb1+ Ka7 35. g4 fxe5 36. Rxe5 Rxe5 37. Qxe5 Bb7 38. gxf5 Rg8+ 39. Kf1 Re8 40. Qd4+ Kb8 41. Bxd5 1-0

[Event "NOR-chT Eliteserien 2018-19"]
[Site "Norway"]
[Date "2019.01.11"]
[Round "4"]
[White "Lundeby, Oyvind Andersen"]
[Black "Stokke, Kjetil"]
[Result "1/2-1/2"]
[ECO "A38"]
[WhiteElo "2152"]
[BlackElo "2334"]
[Annotator "NA"]
[PlyCount "92"]
[EventDate "2018.11.02"]
[EventType "team-tourn"]
[EventCountry "NOR"]
[SourceTitle "playchess.com"]
[Source "ChessBase"]
[SourceQuality "1"]
[TimeControl "40/5400+30:1800+30"]

1. b3 g6 2. Bb2 Nf6 3. Nf3 Bg7 4. g3 c5 5. c4 O-O 6. Nc3 Nc6 7. Bg2 e5 8. O-O d6 9. d3 Rb8 10. Nd2 {[%emt 0:01:57] A38: Symmetrical English vs ...g6: 4 Bg2 Bg7 5 Nf3 Nf6} a6 11. Nde4 (11. a3 Bg4 12. h3 Bd7 13. b4 cxb4 14. axb4 Nxb4 15. Ba3 a5 16. Rb1 b5 17. Nxb5 d5 {½-½ (30) Artemiev,V (2691)-Grischuk,A (2772) Huaian 2017}) 11... Be6 12. Nxf6+ $146 ({Predecessor:} 12. h3 h6 {½-½ (12) Vlahovic,B (2340)-Stanojevic,B (2312) Kac 2012}) 12... Bxf6 13. Nd5 Bg7 14. e3 b5 15. Qd2 Ne7 16. Nxe7+ Qxe7 17. Rac1 Rfd8 18. e4 a5 19. f4 exf4 20. Bxg7 Kxg7 21. Rxf4 h6 22. Rcf1 bxc4 23. bxc4 Qg5 24. Qxa5 Rd7 25. Qc3+ Qe5 26. Rc1 Ra7 27. Qxe5+ dxe5 28. Rf2 Ra3 29. Rd2 Rd8 30. Bf1 f5 31. exf5 gxf5 (31... Bxf5 $11 32. Re1 e4) 32. Re2 Kf6 33. Rce1 Rdxd3 34. Rxe5 Rd6 35. Rxc5 Rxa2 36. Rce5 Bd7 37. Rd5 (37. c5 $14 Ra5 38. Rxf5+ Bxf5 39. cxd6) 37... Rxd5 38. cxd5 Rd2 39. Bg2 h5 40. h4 Rd4 41. Re3 f4 42. Rf3 Ke5 43. Rxf4 Rxf4 44. gxf4+ Kxf4 45. Kh2 Ke5 $11 46. Kg3 Be6 1/2-1/2

[Event "NOR-chT Eliteserien 2018-19"]
[Site "Norway"]
[Date "2019.01.11"]
[Round "4"]
[White "Mikalsen, Harald"]
[Black "Nordquelle, Daniel"]
[Result "1-0"]
[ECO "C01"]
[WhiteElo "2006"]
[BlackElo "2235"]
[Annotator "NA"]
[PlyCount "53"]
[EventDate "2018.11.02"]
[EventType "team-tourn"]
[EventCountry "NOR"]
[SourceTitle "playchess.com"]
[Source "ChessBase"]
[SourceQuality "1"]
[TimeControl "40/5400+30:1800+30"]

1. e4 e6 2. d4 d5 3. exd5 exd5 4. Bd3 Bd6 5. c3 Ne7 6. Qh5 {[%emt 0:10:44] C01: French: Exchange Variation} (6. Ne2 O-O 7. O-O Bf5 8. Bf4 c6 9. Bxd6 Qxd6 10. Bxf5 Nxf5 {½-½ (10) Drazic,S (2426)-Petakov,U (2326) Novi Sad 2017}) 6... Be6 7. Nf3 Ng6 (7... Nbc6 $11 {keeps the balance.}) 8. Ng5 Qf6 $146 ({Predecessor:} 8... Qd7 9. Nxe6 Qxe6+ 10. Qe2 Qxe2+ 11. Bxe2 O-O 12. O-O Re8 13. Bd3 Nd7 {0-1 (44) Schefczik,R (1922)-Cordes,M (1921) Ruhrgebiet 2005}) 9. Nxh7 Qe7 10. O-O Nd7 11. Bxg6 fxg6 12. Qxg6+ Bf7 13. Qxg7 O-O-O 14. Bg5 Qe2 15. Bxd8 Qh5 16. h4 Rg8 17. Nf6 {[%emt 0:03:33] [#]} Qxh4 $4 (17... Nxf6 $1 $19 18. Qxg8 (18. Bxf6 Rxg7 19. Bxg7 Qe2 $19) (18. Qxf6 {is a self mate.} Rxg2+ 19. Kxg2 Qg4+ 20. Kh1 Qh3+ 21. Kg1 Qh2#) 18... Nxg8) 18. Qh7 Qxh7 19. Nxh7 Kxd8 20. f4 Bg6 21. Ng5 $18 Nf6 22. g3 Nh5 23. Kf2 Bf5 24. Nf7+ Kd7 25. Nh6 Rxg3 26. Nxf5 Rg4 27. Nxd6 1-0